 Dungeon Crawl Stone Soup version 0.25.1-2-g60ff931df9 (webtiles) character file.

Game seed: 13642952013696141766

1610 lepoulpe303 the Changer (level 8, -3/37 HPs)
             Began as a Spriggan Venom Mage on Aug 3, 2020.
             Was a Follower of Ashenzari.
             Slain by an orc warrior
             ... wielding a +0 morningstar
              (22 damage)
             ... on level 6 of the Dungeon.
             The game lasted 00:31:09 (9020 turns).

lepoulpe303 the Changer (Spriggan Venom Mage)       Turns: 9020, Time: 00:31:10

Health: -3/37      AC:  2    Str:  6    XL:     8   Next: 63%
Magic:  15/19      EV: 22    Int: 24    God:    Ashenzari [*.....]
Gold:   276        SH:  0    Dex: 19    Spells: 7/20 levels left

rFire    . . .     SeeInvis +   f - +0 short sword (curse)
rCold    . . .     Gourm    .   (shield restricted)
rNeg     . . .     Faith    .   a - +0 robe (curse)
rPois    +         Spirit   .   (helmet restricted)
rElec    .         Reflect  .   (no cloak)
rCorr    +         Harm     .   (gloves unavailable)
MR       +....                  (boots unavailable)
Stlth    ++++......             (no amulet)
HPRegen  0.12/turn              P - ring of poison resistance (curse)
MPRegen  0.16/turn              B - ring "Xuarrit" {rCorr Str+2 Int+5 Dex+3} (curse)

@: studying Dodging, very quick
A: very small, unfitting armour, see invisible, herbivore, speed 3, slow
metabolism 2
a: Curse Item, Scrying, Renounce Religion


You were on level 6 of the Dungeon.
You worshipped Ashenzari.
Ashenzari was aware of your devotion.
You were not hungry.

You visited 1 branch of the dungeon, and saw 6 of its levels.
You also visited: Sewer.

You collected 276 gold pieces.

Inventory:

Hand Weapons
 f - a cursed +0 short sword (weapon)
Missiles
 s - 43 poisoned darts (quivered)
 u - 2 boomerangs
Armour
 a - a cursed +0 robe (worn)
Jewellery
 o - an uncursed amulet of faith {Faith, !P}
 B - the cursed ring "Xuarrit" (right hand) {rCorr Str+2 Int+5 Dex+3}
   (You found it on level 4 of the Dungeon)

   [ring of resist corrosion]

   It affects your strength (+2).
   It affects your intelligence (+5).
   It affects your dexterity (+3).
   It provides partial protection from all sources of acid and corrosion.
   It has a curse placed upon it.
 P - a cursed ring of poison resistance (left hand)
Wands
 D - a wand of digging (7)
 F - a wand of flame (29)
Scrolls
 d - 2 scrolls of blinking {unknown}
 g - 4 scrolls of remove curse
 i - 2 scrolls of identify
 j - 2 scrolls of immolation {!r}
 r - a scroll of fear {unknown}
 t - 5 scrolls of teleportation
 x - a scroll of noise {unknown}
 y - 2 scrolls of enchant weapon {unknown}
 z - a scroll of fog {unknown}
 A - a scroll of amnesia {unknown}
Potions
 b - 2 potions of resistance {unknown}
 c - 2 potions of degeneration {unknown}
 h - 3 potions of curing
 k - a potion of mutation {unknown}
 l - 4 potions of heal wounds
 m - 2 potions of lignification {unknown}
 n - a potion of ambrosia {unknown}
 p - 2 potions of haste {unknown}
 q - 2 potions of brilliance {unknown}
 v - a potion of might {unknown}
 w - 4 potions of magic {unknown}
 E - a potion of cancellation {unknown}
Books
 C - a manual of Dodging {!d}
Comestibles
 e - 6 rations


   Skills:
 + Level 0.6 Fighting
 + Level 3.5 Short Blades
 + Level 6.2 Dodging
 + Level 6.4 Stealth
 * Level 6.7 Spellcasting
 * Level 6.7 Transmutations
 * Level 5.9 Poison Magic


You had 7 spell levels left.
You knew the following spells:

 Your Spells              Type           Power        Failure   Level  Hunger
a - Sting                 Tmut/Pois      ####         1%          1    None
b - Poisonous Vapours     Pois/Air       ###...       3%          2    None
c - Ignite Poison         Fire/Tmut/Pois ####....     3%          3    None
d - Olgreb's Toxic Radia  Pois           #####...     6%          4    ###....
x - Mephitic Cloud        Conj/Pois/Air  ###.....     10%         3    None

Your spell library contained the following spells:

 Spells                   Type           Power        Failure   Level  Hunger


Dungeon Overview and Level Annotations

Branches:
Dungeon (6/15)              Sewer (visited)
 Temple: D:4-7

Altars:
Ashenzari
Gozag


Innate Abilities, Weirdness & Mutations

You are very small and have problems with some larger weapons.
You are too small for most types of armour.
You have supernaturally acute eyesight. (SInv)
You are a herbivore.
You cover ground extremely quickly.
You need to consume almost no food.


Message History

There is a stone staircase leading up here.
Aim: an orc warrior, wielding a +0 morningstar, wearing a +0 plate armour and quivering 22 stones The sting misses the orc warrior.
You now have 17/19 mp.
Aim: an orc warrior, wielding a +0 morningstar, wearing a +0 plate armour and quivering 22 stones The sting hits the orc warrior but does no damage.
The orc warrior is poisoned.
The orc warrior throws a stone.
The stone hits you!
* * * LOW HITPOINT WARNING * * *
You take 7 damage, and have 18/37 hp.
You now have 16/19 mp.
Aim: an orc warrior, wielding a +0 morningstar, wearing a +0 plate armour and quivering 21 stones (lightly wounded, poisoned)
The sting hits the orc warrior.
The orc warrior looks even sicker.
The orc warrior throws a stone.
The stone barely misses you.
Aim: an orc warrior, wielding a +0 morningstar, wearing a +0 plate armour and quivering 20 stones (moderately wounded, very poisoned)
The sting hits the orc warrior.
The orc warrior looks even sicker.
The howler monkey barely misses you.
You now have 15/19 mp.
The orc warrior hits you with a +0 morningstar!!
Ouch! That really hurt!
You die...

.o. #.###. #.# .
#.#.#. #.# ...
#..#.. #Z#
.....#.###. #h#
#........#..
#o###########.#.
#..# #.##
####.### #.#
#@hZ...########.#
#.o.....#.......#
#..#......#######
#..#....###
#..###..#
#.......#
#......##
########


You could see an orc warrior (very poisoned), a howler monkey and a centaur
skeleton.

Levels and vault maps discovered:
D:1:      minmay_arrival_five_plusses, layout_loops_ring
D:2:      minmay_inner_zag, layout_rooms, evilmike_ruin_ashenzari
D:3:      layout_rooms, gup_sewer_entry_bubbles, first_ration,
          minmay_tree_intersection
D:4:      layout_basic, grunt_gozag_breadcrumbs
D:5:      layout_loops_ring, minmay_misc_feat_cross, minmay_manual_monstrance
D:6:      layout_loops_cross, slow_altar_1

Notes
Turn   | Place    | Note
-------+----------+-------------------------------------------
     0 | D:1      | lepoulpe303 the Spriggan Venom Mage began the quest for the
                  | Orb.
     0 | D:1      | Reached XP level 1. HP: 9/9 MP: 5/5
   126 | D:1      | Identified a +0 club
   127 | D:1      | Identified a +0 club
   127 | D:1      | Identified a +0 club
   154 | D:1      | Reached XP level 2. HP: 11/13 MP: 2/6
   210 | D:1      | Identified a +0 short sword
   211 | D:1      | Reached skill level 3 in Spellcasting
   243 | D:1      | Learned a level 2 spell: Poisonous Vapours
   277 | D:1      | Identified a cursed -2 club
   278 | D:1      | Identified a +0 dagger
   282 | D:1      | Identified a +0 club
   574 | D:1      | Identified a +0 club
   579 | D:1      | Reached skill level 2 in Transmutations
   638 | D:1      | Identified a +0 dagger
   711 | D:1      | Reached XP level 3. HP: 14/16 MP: 5/8
  1080 | D:1      | Identified a +0 club
  1082 | D:1      | Identified a +0 club
  1083 | D:1      | HP: 3/16 [hobgoblin/+0 club (6)]
  1442 | D:1      | Identified a +0 spear
  1443 | D:1      | Identified a +0 club
  1825 | D:2      | Learned a level 3 spell: Ignite Poison
  1894 | D:2      | Reached XP level 4. HP: 21/21 MP: 10/10
  1899 | D:2      | Learned a level 3 spell: Mephitic Cloud
  1920 | D:2      | Identified a +0 club
  2331 | D:2      | Identified a +0 dagger
  2351 | D:2      | Found a shattered altar of Ashenzari.
  2359 | D:2      | Became a worshipper of Ashenzari the Shackled
  2359 | D:2      | Identified an uncursed ring of poison resistance (You found
                  | it on level 2 of the Dungeon)
  2519 | D:2      | Identified a +0 mace
  2602 | D:2      | Identified a +0 club
  2602 | D:2      | Identified a +0 hunting sling
  2602 | D:2      | Identified a +0 mace
  2602 | D:2      | Identified a +0 dagger (You found it on level 2 of the
                  | Dungeon)
  2602 | D:2      | Identified a +2 whip of electrocution
  2604 | D:2      | Identified a +0 dagger (You found it on level 2 of the
                  | Dungeon)
  2604 | D:2      | Identified a +2 whip of electrocution (You found it on
                  | level 2 of the Dungeon)
  2645 | D:2      | Identified a +0 mace
  2657 | D:3      | Identified an amulet of faith
  2679 | D:3      | Identified a +0 club
  2706 | D:3      | Identified a +0 dagger
  2716 | D:3      | Identified a ring of see invisible
  2816 | D:3      | Reached skill level 1 in Short Blades
  2828 | D:3      | Found a glowing drain.
  2834 | Sewer    | Entered a sewer
  3191 | Sewer    | Reached skill level 3 in Transmutations
  3376 | Sewer    | Reached XP level 5. HP: 23/24 MP: 8/11
  3670 | Sewer    | Identified a +0 short sword
  4054 | Sewer    | Identified a cursed +0 dagger
  4448 | Sewer    | Reached skill level 4 in Stealth
  4587 | D:3      | Identified a +0 club
  4595 | D:3      | Identified a +0 mace
  4595 | D:3      | Identified a +0 chain mail
  4836 | D:3      | Identified a cursed +0 leather armour
  4839 | D:3      | Identified a +0 ring mail
  4865 | D:3      | Reached skill level 4 in Poison Magic
  4888 | D:3      | Noticed a hippogriff
  4889 | D:3      | Identified a +0 club
  4941 | D:3      | Killed a hippogriff
  4941 | D:3      | Reached skill level 4 in Dodging
  4941 | D:3      | Reached skill level 4 in Spellcasting
  4941 | D:3      | Reached skill level 4 in Transmutations
  4941 | D:3      | Reached XP level 6. HP: 9/28 MP: 10/13
  5202 | D:3      | Identified a +0 dagger
  5202 | D:3      | Identified a +0 scale mail
  5203 | D:3      | Identified a +0 spear
  5203 | D:3      | Identified a +0 ring mail
  5487 | D:3      | Identified a +0 dagger
  5497 | D:3      | Identified a cursed +0 ring mail
  5651 | D:3      | Identified a +0 ring mail (You found it on level 1 of the
                  | Dungeon)
  5651 | D:3      | Identified a +0 ring mail (You found it on level 2 of the
                  | Dungeon)
  5696 | D:4      | Found an opulent altar of Gozag.
  5711 | D:4      | Identified a +0 dagger
  5711 | D:4      | Identified a +0 falchion
  5720 | D:4      | Identified a +0 ring mail
  5738 | D:4      | Identified 6 scrolls of teleportation
  5744 | D:4      | Identified a +0 giant club
  5763 | D:4      | Reached skill level 2 in Short Blades
  5844 | D:4      | Reached XP level 7. HP: 21/32 MP: 13/15
  5951 | D:4      | Learned a level 4 spell: Olgreb's Toxic Radiance
  5959 | D:4      | Identified a +0 spear
  6013 | D:4      | Identified a +0 giant club
  6034 | D:4      | Reached skill level 5 in Stealth
  6034 | D:4      | Reached skill level 5 in Spellcasting
  6423 | D:4      | Reached skill level 5 in Transmutations
  6474 | D:4      | Identified the ring "Xuarrit" {rCorr Str+2 Int+5 Dex+3}
  7010 | D:5      | Entered Level 5 of the Dungeon
  7027 | D:5      | Identified a +0 dagger
  7258 | D:5      | Reached * piety under Ashenzari
  7262 | D:5      | Noticed a hippogriff
  7276 | D:5      | Reached skill level 5 in Poison Magic
  7314 | D:5      | Killed a hippogriff
  7314 | D:5      | Reached skill level 5 in Dodging
  7320 | D:5      | Identified a +0 flail
  7321 | D:5      | Identified a +0 dagger
  7321 | D:5      | Identified a +0 robe
  7353 | D:5      | Reached skill level 3 in Short Blades
  7353 | D:5      | Reached XP level 8. HP: 36/36 MP: 7/17
  7353 | D:5      | Identified a +0 dagger
  7353 | D:5      | Identified a +0 robe
  7359 | D:5      | Reached skill level 6 in Spellcasting
  7368 | D:5      | Identified a +0 leather armour
  7374 | D:5      | Reached skill level 6 in Transmutations
  7586 | D:5      | Reached skill level 6 in Stealth
  7619 | D:5      | Identified a +0 robe
  7674 | D:5      | Identified a +0 war axe
  7737 | D:5      | Identified 3 scrolls of immolation
  7738 | D:5      | Identified 3 scrolls of identify
  7738 | D:5      | Identified 4 potions of heal wounds
  8202 | D:5      | Identified a +0 robe
  8643 | D:6      | Identified a +0 giant club
  8655 | D:6      | Reached skill level 6 in Dodging
  8810 | D:6      | Identified a +0 long sword
  8823 | D:6      | Identified a +0 short sword
  8839 | D:6      | Identified a +0 spear
  8841 | D:6      | Identified a +0 whip
  8842 | D:6      | Identified a +0 club
  8842 | D:6      | Identified a +0 leather armour
  8845 | D:6      | Identified a +0 spear
  8846 | D:6      | Identified a +0 spear
  8846 | D:6      | Identified a +0 halberd
  8898 | D:6      | Identified a +0 falchion
  9001 | D:6      | Identified a +0 morningstar
  9001 | D:6      | Identified a +0 plate armour
  9011 | D:6      | Identified a +2 hand axe of electrocution
  9020 | D:6      | Slain by an orc warrior

Table legend:
 A = Turns spent in this place as a percentage of turns spent in the entire game.
 B = Non-inter-level travel turns spent in this place as a percentage of non-inter-level travel turns spent in the entire game.
 C = Inter-level travel turns spent in this place as a percentage of turns spent in this place.
 D = Turns resting spent in this place as a percentage of non-inter-level travel turns spent in this place.
 E = Turns spent auto-exploring this place as a percentage of non-inter-level travel turns spent in this place.
 F = Non-inter-level travel turns spent in this place divided by the number of levels of this place that you've seen.
                   A       B       C       D       E      F
               +-------+-------+-------+-------+-------+----------------------
         Total | 100.0 | 100.0 |   2.2 |  30.8 |  36.5 | 1260.0
       Dungeon |  81.6 |  81.2 |   2.7 |  30.9 |  39.4 | 1193.2
         Sewer |  18.4 |  18.8 |   0.0 |  30.6 |  23.9 | 1661.0
               +-------+-------+-------+-------+-------+----------------------

Table legend:
 A = Kills in this place as a percentage of kills in entire the game.
 B = Kills by you in this place as a percentage of kills by you in the entire game.
 C = Kills by friends in this place as a percentage of kills by friends in the entire game.
 D = Other kills in this place as a percentage of other kills in the entire game.
 E = Experience gained in this place as a percentage of experience gained in the entire game.
 F = Experience gained in this place divided by the number of levels of this place that you have seen.
                   A       B       C       D       E      F
               +-------+-------+-------+-------+-------+----------------------
         Total | 100.0 | 100.0 |   N/A |   N/A | 100.0 | 328.6
       Dungeon |  86.3 |  86.3 |   N/A |   N/A |  97.6 | 374.0
         Sewer |  13.7 |  13.7 |   N/A |   N/A |   2.4 |  56.0
               +-------+-------+-------+-------+-------+----------------------

Skill      XL: |  1  2  3  4  5  6  7  8 |
---------------+-------------------------+-----
Spellcasting   | 3 4 5 6 |  6.7
Transmutations | 2 3 4 5 6 |  6.7
Short Blades   | 1 2 3 |  3.5
Stealth        | 4 5 6 |  6.4
Poison Magic   | 4 5 |  5.9
Dodging        | 4 5 6 |  6.2
Fighting       | |  0.6

Action                   |  1- 3 |  4- 6 |  7- 9 || total
-------------------------+-------+-------+-------++-------
Melee: Unarmed           |    10 |       |       ||    10
       Short sword       |   116 |   588 |   110 ||   814
Throw: Dart              |       |    35 |    43 ||    78
 Cast: Sting             |    30 |    61 |    43 ||   134
       Poisonous Vapours |     2 |       |       ||     2
       Ignite Poison     |       |       |     5 ||     5
       Olgreb's Toxic Ra |       |       |     1 ||     1
Invok: Curse Item        |       |     3 |     1 ||     4
  Use: Scroll            |       |     1 |     2 ||     3
 Stab: Sleeping          |     5 |    12 |     9 ||    26
  Eat: Ration            |       |     2 |     2 ||     4
Armor: Robe              |    14 |    18 |     5 ||    37
Dodge: Dodged            |   124 |   215 |   101 ||   440

Vanquished Creatures
  2 hippogriffs
  An ice beast (D:5)
  A sky beast (D:5)
  3 ogres
  A bullfrog (D:4)
  A scorpion (D:5)
  2 howler monkeys (D:4)
  A crimson imp (D:6)
  A gnoll shaman (D:6)
  2 hounds
  An orc priest (D:5)
  2 orc wizards (D:5)
  A centaur skeleton (D:6)
  An iguana (D:4)
  3 worker ants
  6 gnolls
  6 adders
  2 river rats (D:3)
  3 shadow imps (D:5)
  An ooze (D:4)
  2 worms
  3 dart slugs
  4 leopard geckos
  5 orcs
  8 giant cockroaches
  5 goblins
  13 hobgoblins
  20 jackals
  9 kobolds
  2 quokkas
  5 ball pythons
  A bat (D:1)
  9 frilled lizards
  12 rats
  3 plants (Sewer)
142 creatures vanquished.

Vanquished Creatures (others)
  A plant (Sewer)
1 creature vanquished.

Grand Total: 143 creatures vanquished
